[Event "Titled Tuesday Blitz March 07 Late 2023"]
[White "Graif, William"]
[Black "Diaz Perez, Michel Alejandro"]
[WhiteFideId "2609835"]
[BlackFideId "3517179"]
[WhiteElo "2205"]
[BlackElo "2333"]
[Result "0-1"]
[Round "11"]
[TimeControl "180+2"]
[Date "2023.03.07"]
[WhiteClock "0:00:07"]
[BlackClock "0:01:16"]

1. e4 c6 2. d4 d5 3. Nc3 dxe4 4. Bc4 Nf6 5. f3 e3 6. Nge2 Bf5 7. Bxe3 e6 8. g4 Bg6 9. Nf4 Nd5 10. Ncxd5 cxd5 11. Be2 Bd6 12. h4 Bxf4 13. Bxf4 h5 14. Qd2 Nc6 15. c3 Qa5 16. g5 Rc8 17. a3 O-O 18. Bd3 Bxd3 19. Qxd3 g6 20. O-O-O b5 21. Kb1 Rfe8 22. Bd6 Ne7 23. Bxe7 Rxe7 24. Rhe1 Qb6 25. f4 Rec7 26. Re5 a5 27. f5 gxf5 28. g6 fxg6 29. Rg1 Rg7 30. Qe3 Re8 31. Rxd5 b4 32. axb4 axb4 33. Re5 bxc3 34. Qxc3 Rd8 35. Rge1 Qxd4 36. Qxd4 Rxd4 37. Rxe6 Rxh4 38. Rg1 Rg4 39. Rc1 Rb7 40. Rcc6 Kg7 41. Re3 Rg2 42. Rc2 Rxc2 43. Kxc2 h4 44. Kc3 g5 45. b4 g4 46. Kc4 h3 47. Re1 h2 48. b5 g3 0-1


[Site "https://www.chess.com"]

[Event "Titled Tuesday Blitz March 07 Late 2023"]
[White "Vlassov, Nikolai"]
[Black "Erzhanov, Arman"]
[WhiteFideId "4103360"]
[BlackFideId "4138821"]
[WhiteElo "2324"]
[BlackElo "2138"]
[Result "1-0"]
[Round "11"]
[TimeControl "180+2"]
[Date "2023.03.07"]
[WhiteClock "0:00:07"]
[BlackClock "0:00:15"]

1. e4 d6 2. f4 d5 3. exd5 Nf6 4. Bb5+ Nbd7 5. c4 a6 6. Bxd7+ Bxd7 7. Nc3 b5 8. d3 c6 9. dxc6 Bxc6 10. Nf3 b4 11. Na4 e6 12. O-O Be7 13. Ne5 Bb7 14. Be3 O-O 15. Nc5 Bc8 16. Qf3 Bd7 17. Ncxd7 Nxd7 18. d4 Nf6 19. f5 exf5 20. Qxf5 Qc8 21. d5 Bc5 22. Bxc5 Qxc5+ 23. Kh1 Rfe8 24. b3 a5 25. Nd7 Nxd7 26. Qxf7+ Kh8 27. Qxd7 Rad8 28. Qf5 a4 29. h3 a3 30. Rf3 Qd4 31. Raf1 h6 32. Qg4 Qd2 33. R3f2 Qd3 34. Rf7 Qc3 35. Kh2 Qe5+ 36. Qg3 Qb2 37. R1f2 Qd4 38. R2f6 Rg8 39. Rg6 Rde8 40. Qf4 Re4 41. Rxh6+ gxh6 42. Qxh6# 1-0


[Site "https://www.chess.com"]

[Event "Titled Tuesday Blitz March 07 Late 2023"]
[White "Filgueira, Hernan"]
[Black "Becerra, Juan David"]
[WhiteFideId "101770"]
[BlackFideId "4404998"]
[WhiteElo "2363"]
[BlackElo "2282"]
[Result "1-0"]
[Round "11"]
[TimeControl "180+2"]
[Date "2023.03.07"]
[WhiteClock "0:00:13"]
[BlackClock "0:00:01"]

1. c4 e6 2. Nc3 d5 3. d4 c6 4. e3 Nf6 5. Nf3 Nbd7 6. Qc2 Bd6 7. b3 O-O 8. Bb2 dxc4 9. Bxc4 e5 10. O-O-O Qe7 11. Kb1 e4 12. Ng5 b5 13. Be2 Re8 14. f4 Nb6 15. g4 h6 16. h4 b4 17. Na4 Nbd5 18. Qd2 Bxg4 19. Rdg1 h5 20. Bc4 a5 21. Rc1 Nh7 22. Be2 Bf5 23. Rxc6 Bxf4 24. Bxh5 Nxg5 25. hxg5 Nxe3 26. g6 fxg6 27. Bxg6 Bxg6 28. Rxg6 Qf7 29. Rhg1 Nd5 30. Qg2 Ra7 31. Rh1 e3 32. Nc5 Nc3+ 33. Bxc3 bxc3 34. Nd3 e2 35. Ne1 Qf5+ 36. Ka1 c2 37. Nxc2 Qxc2 38. Qd5+ Rf7 39. Re6 e1=Q+ 40. Rhxe1 Qc3+ 41. Kb1 Qd3+ 42. Kb2 Qd2+ 43. Ka3 Qb4+ 44. Kb2 Qxe1 45. Rxe1 Rxe1 46. Ka3 Re7 47. Qd8+ Kh7 48. Ka4 g5 49. Qd5 Rg7 50. Qh1+ Kg6 51. Qc6+ Kf7 52. Qd5+ Kf8 53. Qf5+ Kg8 54. Qc8+ Kh7 55. Qh3+ Kg6 56. Qd3+ Kf6 57. Qa6+ Re6 58. Qf1 Rd7 59. Kxa5 Rd5+ 60. Ka4 Rxd4+ 61. b4 Re3 62. a3 g4 63. Qa6+ 1-0


[Site "https://www.chess.com"]

[Event "Titled Tuesday Blitz March 07 Late 2023"]
[White "Rostomyan, Mikayel"]
[Black "Moral Garcia, Serafin"]
[WhiteFideId "13313754"]
[BlackFideId "2201925"]
[WhiteElo "2009"]
[BlackElo "2254"]
[Result "0-1"]
[Round "11"]
[TimeControl "180+2"]
[Date "2023.03.07"]
[WhiteClock "0:01:00"]
[BlackClock "0:02:20"]

1. e4 c5 2. Nf3 e6 3. d4 cxd4 4. Nxd4 Nc6 5. Be3 Qc7 6. a3 a6 7. f4 b5 8. Nc3 Bb7 9. Nxc6 Bxc6 10. Be2 Nf6 11. Bf3 d6 12. O-O Be7 13. e5 dxe5 14. fxe5 Nd7 15. Bxc6 Qxc6 16. Qh5 O-O 17. Rad1 g6 18. Qe2 Nxe5 19. Bh6 Qc5+ 20. Kh1 Rfd8 21. Ne4 Qc4 22. Qe3 Ng4 23. Qf4 Nxh6 0-1


[Site "https://www.chess.com"]

[Event "Titled Tuesday Blitz March 07 Late 2023"]
[White "Molenda, Marcin"]
[Black "Nunez V, Gustavo Eduardo"]
[WhiteFideId "1173065"]
[BlackFideId "4403690"]
[WhiteElo "2286"]
[BlackElo "2228"]
[Result "1/2-1/2"]
[Round "11"]
[TimeControl "180+2"]
[Date "2023.03.07"]
[WhiteClock "0:00:25"]
[BlackClock "0:00:19"]

1. e4 c5 2. Nf3 Nc6 3. Bb5 g6 4. O-O Bg7 5. c3 e5 6. d3 Nge7 7. Na3 O-O 8. Bg5 h6 9. Bh4 d6 10. Nc2 Be6 11. d4 exd4 12. cxd4 Bg4 13. h3 Bxf3 14. Qxf3 Nxd4 15. Nxd4 Bxd4 16. Rad1 Be5 17. Kh1 a6 18. Ba4 b5 19. Bb3 g5 20. Bg3 Ng6 21. Qh5 Kg7 22. Bxe5+ Nxe5 23. f4 gxf4 24. Bd5 Qg5 25. Qxg5+ hxg5 26. Bxa8 Rxa8 27. Rxd6 c4 28. Rfd1 Nd3 29. Rd2 Re8 30. Rxa6 Rxe4 31. Rc6 f5 32. b3 g4 33. hxg4 fxg4 34. Kh2 Re1 35. Rc7+ Kf6 36. bxc4 bxc4 37. g3 f3 38. Rxc4 Re2+ 39. Rxe2 fxe2 40. Re4 e1=Q 41. Rxe1 Nxe1 42. a4 Ke5 43. a5 Kd6 44. Kg1 Nd3 45. a6 Kc6 46. Kf1 Nb4 47. Kf2 Nd5 48. Ke2 Kb6 49. Kd3 Kxa6 50. Ke4 Nc3+ 51. Kf4 Ne2+ 52. Kxg4 Nxg3 1/2-1/2


[Site "https://www.chess.com"]

[Event "Titled Tuesday Blitz March 07 Late 2023"]
[White "Sai Han Thiha"]
[Black "Vovk, Orest"]
[WhiteFideId "13012290"]
[BlackFideId "14113490"]
[WhiteElo "1954"]
[BlackElo "2215"]
[Result "0-1"]
[Round "11"]
[TimeControl "180+2"]
[Date "2023.03.07"]
[WhiteClock "0:00:03"]
[BlackClock "0:00:49"]

1. d4 e5 2. dxe5 Nc6 3. Nf3 Qe7 4. Bg5 Qb4+ 5. Nc3 Qxb2 6. Bd2 Bb4 7. Rb1 Qxc3 8. Bxc3 Bxc3+ 9. Nd2 Nxe5 10. e4 Nf6 11. Bd3 O-O 12. O-O d6 13. h3 a6 14. f4 Nxd3 15. cxd3 b5 16. Nf3 c5 17. Qc2 b4 18. e5 Nd5 19. Qf2 dxe5 20. fxe5 Bf5 21. Qxc5 Rad8 22. Rbd1 h6 23. Qf2 Bg6 24. d4 Nf4 25. Nh4 Nd3 26. Qg3 Bxd4+ 27. Kh1 Bxe5 28. Qe3 Bd4 29. Qg3 Ne5 30. Qf4 Bd3 31. Rg1 Bxg1 32. Rxg1 Ng6 33. Nxg6 Bxg6 34. Rf1 a5 35. Rf2 Rd1+ 36. Kh2 Rfd8 37. h4 R1d4 38. Qg3 h5 39. Rf5 Bxf5 40. Qg5 g6 41. Qf6 a4 42. Qe7 b3 43. axb3 axb3 44. Qb7 Rxh4+ 45. Kg3 Rg4+ 46. Kf3 Be4+ 47. Qxe4 Rxe4 0-1


[Site "https://www.chess.com"]

[Event "Titled Tuesday Blitz March 07 Late 2023"]
[White "Hjartarson, Johann"]
[Black "Goltseva, Ekaterina"]
[WhiteFideId "2300044"]
[BlackFideId "24173770"]
[WhiteElo "2416"]
[BlackElo "2200"]
[Result "1-0"]
[Round "11"]
[TimeControl "180+2"]
[Date "2023.03.07"]
[WhiteClock "0:00:12"]
[BlackClock "0:00:06"]

1. e4 e5 2. Nf3 Nf6 3. Nxe5 Nxe4 4. Qe2 Qe7 5. Qxe4 d6 6. d4 dxe5 7. dxe5 Nc6 8. Nc3 Qxe5 9. Qxe5+ Nxe5 10. Bf4 Bd6 11. Bg3 Bf5 12. O-O-O O-O-O 13. Nb5 a6 14. Nxd6+ cxd6 15. f3 f6 16. Be2 Rd7 17. Rd2 Kb8 18. Rhd1 Rc8 19. c3 Rc6 20. h4 b5 21. Rd4 Kc7 22. Bf2 h5 23. g4 Bg6 24. Bg3 Rb6 25. g5 a5 26. a3 Kb7 27. gxf6 gxf6 28. Bf2 b4 29. Rd5 bxa3 30. Bxb6 a2 31. Rxa5 Kxb6 32. Ra6+ Kb7 33. Rxa2 d5 34. Ra5 Bf7 35. f4 Nc6 36. Rb5+ Kc7 37. Bf3 Ne7 38. Rd4 Nf5 39. Ra4 Kc6 40. Rb8 Kd6 41. Rh8 Nxh4 42. Bxh5 Bxh5 43. Rxh5 Ng2 44. Rd4 Ne3 45. b3 Ke6 46. Kd2 Nf5 47. Rxf5 Kxf5 48. c4 Rb7 49. Rxd5+ Kg4 50. Kc3 Kxf4 51. b4 f5 52. b5 Ke4 53. Rd8 f4 54. Re8+ Kf3 55. Rf8 Ke3 56. Kb4 Rd7 57. b6 f3 58. c5 f2 59. Rxf2 Kxf2 60. c6 Rd1 61. c7 Rb1+ 62. Kc5 Ke3 63. Kc6 Rc1+ 64. Kb7 Kd4 65. c8=Q Rxc8 66. Kxc8 Kc5 67. b7 1-0


[Site "https://www.chess.com"]

[Event "Titled Tuesday Blitz March 07 Late 2023"]
[White "Leiva, Gianmarco"]
[Black "Liu, Eric"]
[WhiteFideId "3804399"]
[BlackFideId "30960240"]
[WhiteElo "2345"]
[BlackElo "2094"]
[Result "0-1"]
[Round "11"]
[TimeControl "180+2"]
[Date "2023.03.07"]
[WhiteClock "0:00:33"]
[BlackClock "0:02:38"]

1. e4 b6 2. d4 Bb7 3. Nc3 g6 4. h4 h5 5. Bc4 Bg7 6. Nf3 Nh6 7. Qe2 a6 8. a3 b5 9. Ba2 e6 10. Bg5 f6 11. Bf4 O-O 12. d5 e5 13. Bxh6 Bxh6 14. d6+ Kh7 15. dxc7 Qxc7 16. O-O d6 17. Nd5 Bxd5 18. Bxd5 Ra7 19. c3 Nd7 20. Rad1 Nc5 21. g3 Qe7 22. Kg2 f5 23. b4 Na4 24. Rd3 f4 25. Rfd1 Rc7 26. Qc2 Rfc8 27. c4 bxc4 28. R3d2 c3 29. Rd3 Nb2 30. Rxc3 Nxd1 31. Rxc7 Ne3+ 32. fxe3 Qxc7 33. Qxc7+ Rxc7 34. exf4 exf4 35. gxf4 Bxf4 36. a4 Rc2+ 37. Kf1 Rb2 38. b5 axb5 39. a5 Rb1+ 40. Ke2 Ra1 41. Nd4 Rxa5 42. Kf3 Be5 43. Nc6 Ra3+ 44. Ke2 Rh3 45. Na7 b4 46. Nc6 Rh2+ 47. Kd3 Rh3+ 48. Kc4 Rc3+ 49. Kxb4 Rh3 50. Nxe5 dxe5 51. Kc5 Rxh4 52. Kd6 Rh1 53. Kxe5 h4 54. Kd6 h3 55. e5 Rd1 56. e6 h2 57. Ke5 Rxd5+ 58. Kxd5 h1=Q+ 59. Kd6 Qa8 60. Ke7 Kg7 61. Kd7 Kf8 0-1


[Site "https://www.chess.com"]

[Event "Titled Tuesday Blitz March 07 Late 2023"]
[White "Almeida Quintana, Omar"]
[Black "Vaglio Munoz, Jaime"]
[WhiteFideId "3503313"]
[BlackFideId "6500145"]
[WhiteElo "2530"]
[BlackElo "2199"]
[Result "0-1"]
[Round "11"]
[TimeControl "180+2"]
[Date "2023.03.07"]
[WhiteClock "0:00:10"]
[BlackClock "0:00:22"]

1. d4 g6 2. c4 Bg7 3. Nf3 d6 4. Nc3 c5 5. d5 Bxc3+ 6. bxc3 e5 7. e4 Nd7 8. h4 h6 9. h5 g5 10. Bd3 Qa5 11. Bd2 Nb6 12. a4 Ne7 13. Nh2 f5 14. exf5 Bxf5 15. Bxf5 Nxf5 16. Qb3 Qa6 17. a5 Qxc4 18. Qb1 Nh4 19. axb6 Nxg2+ 20. Kd1 Qxd5 21. Qg6+ Ke7 22. Qg7+ Ke6 23. Rg1 Nf4 24. c4 Qd3 25. Rg3 Qe2+ 26. Kc2 Qxc4+ 27. Rc3 Qe4+ 28. Kd1 Rh7 29. f3 Qe2+ 0-1


[Site "https://www.chess.com"]

[Event "Titled Tuesday Blitz March 07 Late 2023"]
[White "Gubajdullin, Alexei"]
[Black "Marczuk, Dominik"]
[WhiteFideId "4141202"]
[BlackFideId "1111264"]
[WhiteElo "2267"]
[BlackElo "2174"]
[Result "1-0"]
[Round "11"]
[TimeControl "180+2"]
[Date "2023.03.07"]
[WhiteClock "0:02:46"]
[BlackClock "0:02:28"]

1. d4 Nf6 2. Nf3 g6 3. Bf4 Bg7 4. e3 O-O 5. Be2 d6 6. O-O Nc6 7. h3 Nd7 8. Bh2 e5 9. a4 f5 10. a5 a6 11. c3 e4 12. Qb3+ Kh8 13. Nfd2 Qe7 14. c4 g5 15. Nc3 Nf6 16. Nd5 Nxd5 17. cxd5 Nd8 18. Rfc1 Bd7 19. Rxc7 Rc8 20. Rac1 Rxc7 21. Rxc7 Qe8 22. Bxd6 1-0


[Site "https://www.chess.com"]

[Event "Titled Tuesday Blitz March 07 Late 2023"]
[White "Hoffmann, Asa"]
[Black "Martinez Reyes, Pedro Ramon"]
[WhiteFideId "2001470"]
[BlackFideId "3901807"]
[WhiteElo "2117"]
[BlackElo "2340"]
[Result "0-1"]
[Round "11"]
[TimeControl "180+2"]
[Date "2023.03.07"]
[WhiteClock "0:00:23"]
[BlackClock "0:01:24"]

1. d4 d6 2. e4 g6 3. Be3 a6 4. Qd2 Bg7 5. Nc3 b5 6. a3 e6 7. f3 Ne7 8. h4 h5 9. Nh3 Bb7 10. Ng5 Nd7 11. g3 Nb6 12. b3 Qd7 13. Bh3 d5 14. e5 Nf5 15. Bf2 a5 16. O-O a4 17. Qd3 Ba6 18. b4 O-O-O 19. Ne2 Kb7 20. c3 Nc4 21. Nf4 Ka7 22. Rfe1 Bc8 23. Bf1 Qe7 24. Qc2 Bh6 25. Nfh3 Bb7 26. Bd3 Rhe8 27. f4 Bc6 28. Kg2 Bg7 29. Ng1 Nh6 30. N1f3 Ng4 31. Bg1 Rf8 32. Nd2 Qd7 33. Nxc4 dxc4+ 34. Be4 Bxe4+ 35. Qxe4 Qd5 36. Qxd5 Rxd5 37. Kf3 Kb7 38. Re4 Kc6 39. Be3 Bh6 40. Bd2 Kd7 41. Rae1 Ke7 42. Nh7 Rh8 43. Ng5 Bxg5 44. fxg5 Rhd8 45. Rf4 Rxe5 46. Rxe5 Nxe5+ 47. dxe5 Rxd2 48. Re4 Ra2 49. g4 Rxa3 50. Re3 hxg4+ 51. Kxg4 Ra1 52. h5 Rg1+ 53. Kh4 Rh1+ 54. Kg4 gxh5+ 55. Kf4 Rf1+ 56. Kg3 Rd1 57. Kh4 Rd3 58. Re1 Rxc3 59. Kxh5 Rh3+ 60. Kg4 Rb3 61. Rh1 a3 62. Rh7 a2 63. g6 a1=Q 64. Rxf7+ Ke8 0-1


[Site "https://www.chess.com"]

[Event "Titled Tuesday Blitz March 07 Late 2023"]
[White "ArchibaldCerveza29"]
[Black "Danielian, Vardan"]
[BlackFideId "13301594"]
[WhiteElo "2482"]
[BlackElo "2551"]
[Result "0-1"]
[Round "11"]
[TimeControl "180+2"]
[Date "2023.03.07"]
[WhiteClock "0:00:02"]
[BlackClock "0:00:31"]

1. e4 c5 2. Nf3 d6 3. d4 cxd4 4. Nxd4 Nf6 5. Nc3 g6 6. f3 Bg7 7. Be3 O-O 8. Qd2 Nc6 9. Bc4 Bd7 10. Bb3 Qa5 11. O-O-O Rfc8 12. Kb1 Ne5 13. h4 Rc4 14. h5 Rxc3 15. Qxc3 Qxc3 16. bxc3 Nxh5 17. Ne2 Rc8 18. Bd4 a5 19. a4 b5 20. g4 bxa4 21. gxh5 axb3 22. cxb3 Nxf3 23. Bxg7 Kxg7 24. hxg6 hxg6 25. Kb2 Ne5 26. Nf4 Rb8 27. Rd4 Bc6 28. Nd5 e6 29. Ne7 Be8 30. Ra1 a4 31. b4 Kf6 32. Ng8+ Kg7 33. Ne7 Kf8 34. Nd5 exd5 35. Rxd5 Bc6 36. Rd4 Ke7 37. Kc2 Bb5 38. Kd2 Rh8 39. Ke3 Rh3+ 40. Kf2 Rxc3 41. Rd5 Bc6 42. Ra5 Rc2+ 43. Ke3 Nc4+ 44. Kd3 Nxa5 45. Kxc2 Nc4 46. Kc3 Ne5 47. Kd4 Ke6 48. Rb1 Bb5 49. Rc1 Nc6+ 50. Kc3 Ke5 51. Re1 Nd4 52. Rd1 Ne2+ 53. Kb2 Nf4 54. Re1 Nd3+ 0-1


[Site "https://www.chess.com"]

[Event "Titled Tuesday Blitz March 07 Late 2023"]
[White "Janaszak, Dawid"]
[Black "Guzman Moneo, Alberto"]
[WhiteFideId "1119206"]
[BlackFideId "2209616"]
[WhiteElo "2220"]
[BlackElo "2157"]
[Result "0-1"]
[Round "11"]
[TimeControl "180+2"]
[Date "2023.03.07"]
[WhiteClock "0:00:06"]
[BlackClock "0:00:03"]

1. Nc3 d5 2. d4 Nf6 3. Bf4 c6 4. e3 Bf5 5. f3 h5 6. Bd3 Bxd3 7. Qxd3 e6 8. Nge2 Bd6 9. O-O-O Bxf4 10. Nxf4 Nbd7 11. e4 Qc7 12. e5 Ng8 13. Nxe6 fxe6 14. Qg6+ Kf8 15. Qxe6 Ne7 16. Ne2 Rh6 17. Nf4 Qd8 18. Qh3 Kg8 19. g4 hxg4 20. Qxg4 Nf8 21. Rhg1 g6 22. h4 Qd7 23. e6 Qd6 24. h5 Nh7 25. hxg6 Nf6 26. Qg5 Kg7 27. Rde1 Rah8 28. c3 b5 29. Qg3 Qb8 30. b4 a5 31. a3 axb4 32. axb4 Rh2 33. Kb1 Qa7 34. Re2 Rxe2 35. Nxe2 Ra8 36. Nc1 Qa1+ 37. Kc2 Ra2+ 38. Nxa2 Qxa2+ 39. Kd3 Qc4+ 40. Kd2 Qa2+ 41. Ke1 Qa1+ 42. Kf2 Qb2+ 43. Kf1 Qxc3 44. Qc7 Qd3+ 45. Kg2 Qe2+ 46. Kg3 Ng8 47. Rh1 Qd2 48. Rh7+ Kxg6 49. Rxe7 Qg5+ 50. Kf2 Nxe7 51. Qd7 Qd2+ 52. Kg3 Qg5+ 53. Kh3 Qh5+ 54. Kg2 Qg5+ 55. Kh1 Qh4+ 56. Kg1 Qg5+ 57. Kf2 Qf6 58. Qe8+ Kg7 59. Qd7 Qxd4+ 60. Kg2 Qf6 61. f4 Kg6 62. Kg3 Qc3+ 63. Kg4 Qf6 64. Qe8+ Kg7 65. Qd7 Qg6+ 66. Kf3 Qd3+ 67. Kg4 Qf5+ 68. Kg3 Kf6 69. Qe8 Qxe6 70. Qf8+ Qf7 71. Qd8 Qg7+ 72. Kf2 Qf7 73. Qd7 Qe6 74. Qe8 Qe4 75. Qf8+ Ke6 76. Qh6+ Ng6 77. Kg1 Qe3+ 78. Kh1 Qf3+ 79. Kg1 Qg4+ 80. Kf1 Qxf4+ 81. Qxf4 Nxf4 82. Kf2 Ng6 83. Ke3 Ke5 0-1


[Site "https://www.chess.com"]

[Event "Titled Tuesday Blitz March 07 Late 2023"]
[White "Do Nascimento,Christian Almeida"]
[Black "Harriott, Tyrell"]
[WhiteFideId "2143801"]
[BlackFideId "2086484"]
[WhiteElo "2125"]
[BlackElo "2107"]
[Result "1-0"]
[Round "11"]
[TimeControl "180+2"]
[Date "2023.03.07"]
[WhiteClock "0:00:20"]
[BlackClock "0:00:10"]

1. e4 e6 2. d4 d5 3. Nc3 f5 4. exd5 exd5 5. Nf3 Nf6 6. Ne5 Bd6 7. Bg5 c6 8. f4 O-O 9. Bd3 Qe8 10. O-O Ne4 11. Nxe4 fxe4 12. Be2 Be6 13. Bh5 Qc8 14. b3 Nd7 15. Be2 Qc7 16. c4 Ba3 17. Bg4 Bf5 18. Bxf5 Rxf5 19. Qg4 Raf8 20. Bh6 Nxe5 21. dxe5 Bc5+ 22. Kh1 Qxe5 23. cxd5 cxd5 24. Rac1 Bb6 25. Qd1 Qe6 26. Bg5 h6 27. g4 R5f7 28. f5 Qe8 29. Bf4 e3 30. Qxd5 Kh8 31. Rfe1 Rd7 32. Qf3 Re7 33. Bd6 Rff7 34. Bxe7 Rxe7 35. Rc2 Qf7 36. Rce2 Qf6 37. Rxe3 Rxe3 38. Rxe3 Qf7 39. Re2 Qf6 40. Kg2 Qa1 41. f6 Qxf6 42. Qxf6 gxf6 43. Re7 Bd4 44. Rxb7 Kg8 45. b4 Kf8 46. a4 Kg8 47. a5 Kf8 48. b5 Ke8 49. b6 axb6 50. axb6 Kd8 51. Kf3 Kc8 52. Rh7 Bxb6 53. Rxh6 Bd4 54. Rh7 Kd8 55. Ke4 Be5 56. Kf5 Ke8 57. h4 Kf8 58. h5 Kg8 59. Rb7 Bd4 60. Kg6 Kf8 61. h6 f5 62. gxf5 Ke8 63. f6 Be5 64. h7 Bxf6 65. Kxf6 Kd8 1-0


[Site "https://www.chess.com"]

[Event "Titled Tuesday Blitz March 07 Late 2023"]
[White "Kretchetov, Alexandre"]
[Black "Davidson, Kevin"]
[WhiteFideId "4124588"]
[BlackFideId "2056810"]
[WhiteElo "2526"]
[BlackElo "2151"]
[Result "0-1"]
[Round "11"]
[TimeControl "180+2"]
[Date "2023.03.07"]
[WhiteClock "0:00:09"]
[BlackClock "0:00:02"]

1. d4 Nf6 2. c4 g6 3. Nc3 Bg7 4. e4 d6 5. h3 O-O 6. Bg5 Na6 7. Bd3 Qe8 8. Nge2 e5 9. d5 Nc5 10. Bc2 a5 11. g4 Bd7 12. Ng3 c6 13. Qf3 Qe7 14. Rd1 h6 15. Be3 cxd5 16. cxd5 Rac8 17. g5 Nh7 18. gxh6 Bf6 19. h4 b5 20. Bb1 b4 21. Nce2 Ba4 22. b3 Bd7 23. h5 a4 24. Bc2 Bg5 25. Bxg5 Qxg5 26. Qe3 Qxe3 27. fxe3 axb3 28. Bxb3 Bb5 29. Nc1 Kh8 30. Rh2 Rg8 31. Rf2 Rcf8 32. Kd2 gxh5 33. Nxh5 Ng5 34. Nf6 Ngxe4+ 35. Ke1 Nxf2 36. Nxg8 Rxg8 37. Kxf2 Ne4+ 38. Kf3 f5 39. Bc2 Rg3# 0-1


[Site "https://www.chess.com"]

[Event "Titled Tuesday Blitz March 07 Late 2023"]
[White "Seletsky, Grigory"]
[Black "Carbone, Diego"]
[WhiteFideId "14112191"]
[BlackFideId "3002179"]
[WhiteElo "2490"]
[BlackElo "2266"]
[Result "1-0"]
[Round "11"]
[TimeControl "180+2"]
[Date "2023.03.07"]
[WhiteClock "0:00:20"]
[BlackClock "0:00:16"]

1. d4 Nf6 2. Nf3 d5 3. Bf4 c5 4. c3 e6 5. e3 Nc6 6. Nbd2 Bd6 7. Bxd6 Qxd6 8. Bb5 Nd7 9. O-O O-O 10. e4 a6 11. e5 Qe7 12. Bd3 f6 13. exf6 Qxf6 14. dxc5 e5 15. Bc2 Nxc5 16. Nb3 Nxb3 17. Bxb3 Rd8 18. Bxd5+ Kh8 19. c4 b5 20. Bxc6 Rxd1 21. Raxd1 Rb8 22. c5 Bg4 23. Be4 b4 24. c6 Rc8 25. h3 Be6 26. b3 Qf4 27. Rfe1 g6 28. Rd6 Bf7 29. g3 Qh6 30. Nxe5 Be8 31. h4 Qf8 32. Re6 Qg7 33. Bd5 a5 34. Kg2 Rd8 35. Bf3 Rc8 36. Nc4 Bf7 37. Re7 Qf6 38. c7 Bxc4 39. bxc4 Qf8 40. Bb7 h5 41. Bxc8 1-0


[Site "https://www.chess.com"]

[Event "Titled Tuesday Blitz March 07 Late 2023"]
[White "Gerbelli Neto, Eduardo"]
[Black "Sokolin, Leonid"]
[WhiteFideId "2103281"]
[BlackFideId "2009161"]
[WhiteElo "2178"]
[BlackElo "2394"]
[Result "0-1"]
[Round "11"]
[TimeControl "180+2"]
[Date "2023.03.07"]
[WhiteClock "0:01:03"]
[BlackClock "0:00:51"]

1. e4 c5 2. Nc3 Nc6 3. f4 g6 4. Nf3 Bg7 5. Bc4 e6 6. f5 gxf5 7. d3 Nge7 8. Bg5 h6 9. Bh4 Qc7 10. Nb5 Qa5+ 11. c3 O-O 12. Nd6 fxe4 13. dxe4 Ng6 14. Bg3 b5 15. Bxb5 Rb8 16. Bxc6 Rxb2 17. O-O Ba6 18. Qa4 Qxa4 19. Bxa4 Bxf1 20. Kxf1 Bxc3 21. Bb3 Rxb3 0-1


[Site "https://www.chess.com"]

[Event "Titled Tuesday Blitz March 07 Late 2023"]
[White "Ezat, Mohamed"]
[Black "Needleman, Alejandro"]
[WhiteFideId "10600906"]
[BlackFideId "100730"]
[WhiteElo "2386"]
[BlackElo "2230"]
[Result "1-0"]
[Round "11"]
[TimeControl "180+2"]
[Date "2023.03.07"]
[WhiteClock "0:02:15"]
[BlackClock "0:01:07"]

1. d4 c5 2. d5 Nf6 3. Nc3 b5 4. Nxb5 g6 5. Nc3 Bg7 6. e4 d6 7. Bb5+ Bd7 8. a4 O-O 9. Nf3 Bg4 10. Be2 Nbd7 11. Nd2 Bxe2 12. Qxe2 Rb8 13. O-O Ne8 14. Nc4 Nb6 15. Na5 Nxd5 16. Nxd5 Qxa5 17. Nxe7+ Kh8 18. Nc6 Qc7 19. Nxb8 Qxb8 20. c3 Nc7 21. Bf4 Ne6 22. Bg3 h5 23. Rfd1 Rd8 24. Qa6 Qxb2 25. Qxa7 Qxc3 26. Qxf7 Nd4 27. Qxg6 Ne2+ 28. Kh1 Nxg3+ 29. hxg3 Bd4 30. Rac1 Qa5 31. Qxh5+ Kg7 32. Rxd4 cxd4 33. Qxa5 Rh8+ 34. Kg1 1-0


[Site "https://www.chess.com"]

[Event "Titled Tuesday Blitz March 07 Late 2023"]
[White "Petrovic, Aleksa"]
[Black "Szente Varga, Fruzsina"]
[WhiteFideId "967629"]
[BlackFideId "712264"]
[WhiteElo "2326"]
[BlackElo "1994"]
[Result "1/2-1/2"]
[Round "11"]
[TimeControl "180+2"]
[Date "2023.03.07"]
[WhiteClock "0:00:12"]
[BlackClock "0:00:22"]

1. d4 Nf6 2. c4 g6 3. Nc3 Bg7 4. e4 d6 5. Nf3 O-O 6. Be2 e5 7. O-O Nc6 8. d5 Ne7 9. b4 a5 10. Ba3 axb4 11. Bxb4 b6 12. a4 Nd7 13. a5 bxa5 14. Rxa5 Rxa5 15. Bxa5 Nc5 16. Nb5 Nxe4 17. Bxc7 Qd7 18. Bd3 Nc3 19. Nxc3 Qxc7 20. Nb5 Qd7 21. Qe1 Ba6 22. Nc3 Rc8 23. Qe2 Qc7 24. Nd2 f5 25. Nb5 Bxb5 26. cxb5 Kh8 27. Bc4 Qa5 28. Rb1 Bh6 29. Nf3 Qc3 30. Ba2 e4 31. h4 Qa5 32. Nd4 Bg7 33. Ne6 Be5 34. b6 Qa3 35. b7 Rb8 36. h5 Qa7 37. hxg6 hxg6 38. Qe3 Qxa2 39. Qb6 Kg8 40. Rc1 Kf7 41. Qc7 Qb2 42. Rf1 Qxb7 43. Qxb7 Rxb7 44. Nd8+ Kf6 45. Nxb7 Nxd5 46. Rd1 Ke6 47. Nd8+ Ke7 48. Nc6+ Ke6 49. Nd8+ Kd7 50. Rxd5 Kxd8 51. Kf1 Ke7 52. Ke2 Ke6 53. Ra5 d5 54. Ra6+ Bd6 55. Ke3 Ke5 56. f4+ exf3 57. gxf3 g5 58. f4+ gxf4+ 59. Kf3 Bc5 60. Ra4 Be3 61. Ra8 d4 62. Re8+ Kd5 63. Rf8 Ke6 64. Re8+ Kd7 65. Re5 Kd6 66. Rxf5 d3 67. Rf6+ Ke5 68. Rf8 d2 69. Rd8 Bd4 70. Re8+ Kd5 71. Ke2 Be3 72. Rd8+ Ke4 73. Re8+ Kd4 74. Rd8+ Kc3 75. Rc8+ Kb2 76. Rb8+ Kc2 77. Rc8+ Kb3 78. Rb8+ Kc4 79. Rc8+ Kd5 80. Rd8+ Ke5 81. Re8+ Kf5 82. Rf8+ Kg6 83. Rg8+ Kf7 84. Rd8 Ke7 85. Rxd2 Bxd2 86. Kxd2 Kf6 87. Ke2 Kf5 88. Kf3 Ke5 89. Kf2 Ke4 90. Ke2 f3+ 91. Kf2 Kf4 92. Kf1 Ke3 93. Ke1 f2+ 94. Kf1 Kf3 1/2-1/2


[Site "https://www.chess.com"]

[Event "Titled Tuesday Blitz March 07 Late 2023"]
[White "Bach, Matthias"]
[Black "Romkachess"]
[WhiteFideId "4603168"]
[WhiteElo "2165"]
[BlackElo "2489"]
[Result "1-0"]
[Round "11"]
[TimeControl "180+2"]
[Date "2023.03.07"]
[WhiteClock "0:00:31"]
[BlackClock "0:00:01"]

1. d4 Nf6 2. c4 e6 3. Nc3 Bb4 4. Bg5 h6 5. Bh4 O-O 6. e3 d6 7. Bd3 Nbd7 8. Ne2 Re8 9. O-O Bxc3 10. Nxc3 e5 11. f4 exd4 12. exd4 c6 13. Kh1 Qb6 14. d5 Qxb2 15. Rc1 Qa3 16. Qc2 Ng4 17. Rce1 Rxe1 18. Rxe1 Ngf6 19. Ne4 Qb4 20. Qe2 cxd5 21. Nxf6+ gxf6 22. Qg4+ Kf8 23. Qh5 Kg7 24. Qf5 Nf8 25. Qxf6+ Kg8 26. Qxh6 Qc3 27. Re8 Qa1+ 28. Be1 Qg7 29. Bh7+ Qxh7 30. Rxf8# 1-0


[Site "https://www.chess.com"]

[Event "Titled Tuesday Blitz March 07 Late 2023"]
[White "Golubev, Mikhail"]
[Black "Eggleston, Thomas A"]
[WhiteFideId "14100983"]
[BlackFideId "412139"]
[WhiteElo "2374"]
[BlackElo "2155"]
[Result "1-0"]
[Round "11"]
[TimeControl "180+2"]
[Date "2023.03.07"]
[WhiteClock "0:00:29"]
[BlackClock "0:00:02"]

1. e4 e6 2. d4 d5 3. Nc3 Nf6 4. e5 Nfd7 5. f4 c5 6. Nf3 Nc6 7. Be3 Be7 8. Qd2 O-O 9. a3 f6 10. exf6 Nxf6 11. dxc5 Ng4 12. O-O-O Nxe3 13. Qxe3 b6 14. cxb6 axb6 15. Bb5 Bc5 16. Qd3 Ne7 17. Ng5 Ng6 18. g3 Bd7 19. h4 Rf5 20. h5 Nf8 21. h6 g6 22. Rhe1 Bxb5 23. Nxb5 Qf6 24. Kb1 Be7 25. Nc7 Rc8 26. Ncxe6 Bxa3 27. bxa3 Rc3 28. Qd4 Qxd4 29. Nxd4 Rxg3 30. Nxf5 1-0


[Site "https://www.chess.com"]